 Dungeon Crawl Stone Soup version 0.27.1-33-g824d729ab1 (webtiles) character file.

Game seed: 2856127544931263813

50 pkoi the Ruffian (level 3, -1/29 HPs)
             Began as a Draconian Warper on Dec 21, 2021.
             Was an Initiate of Ashenzari.
             Slain by Terence (5 damage)
             ... on level 2 of the Dungeon.
             The game lasted 00:02:47 (2097 turns).

pkoi the Ruffian (Draconian Warper)                 Turns: 2097, Time: 00:02:47

Health: -1/29      AC:  5    Str: 13    XL:     3   Next: 55%
Magic:  6/6        EV: 12    Int: 14    God:    Ashenzari [......]
Gold:   38         SH:  0    Dex: 10    Spells: 6/6 levels left

rFire    . . .     SeeInvis .   e - +0 dagger of the Bound Sage {flame, Melee, Cun} (curse)
rCold    . . .     Faith    .   (no shield)
rNeg     . . .     Spirit   .   (armour unavailable)
rPois    .         Reflect  .   (helmet restricted)
rElec    .         Harm     .   (no cloak)
rCorr    .         Rampage  .   (no gloves)
Will     .....                  (no boots)
Stlth    +.........             (no amulet)
HPRegen  0.09/turn              (no ring)
MPRegen  0.10/turn              (no ring)

@: no status effects
A: AC +5, unfitting armour, cold-blooded
a: Renounce Religion, Shatter the Chains


You were on level 2 of the Dungeon.
You worshipped Ashenzari.
Ashenzari was noncommittal.
You visited 1 branch of the dungeon, and saw 2 of its levels.

You collected 49 gold pieces.
You spent 11 gold pieces at shops.

Inventory:

Hand Weapons
 e - the cursed +0 dagger of the Bound Sage (weapon) {flame, Melee, Cun}
   (You took it off a goblin on level 1 of the Dungeon)

   It burns those it strikes, dealing additional fire damage.
   It has a curse which improves the following skills: Melee Combat: Short
   Blades, Long Blades, Axes, Maces & Flails, Polearms, Staves and Unarmed
   Combat.
   Cunning:   Dodging and Stealth.
Missiles
 b - 4 boomerangs of dispersal (quivered)
 h - 7 poisoned darts
 j - a throwing net
Scrolls
 a - a scroll of blinking
 c - a scroll of teleportation
 d - a scroll of magic mapping
 i - a scroll of enchant armour
Potions
 f - a potion of flight
 g - a potion of curing


   Skills:
 - Level 2.1 Fighting
 - Level 0.8 Throwing
 - Level 2.1(2.5) Dodging
 + Level 4.0(4.5) Unarmed Combat
 - Level 2.0 Spellcasting
 - Level 3.0 Translocations


You had 6 spell levels left.
You didn't know any spells.
Your spell library contained the following spells:

 Spells                   Type           Power      Damage    Failure   Level
 Blink                    Tloc           N/A        N/A       11%         2
 Gell's Gravitas          Tloc           4%         N/A       21%         3
 Lesser Beckoning         Tloc           4%         N/A       21%         3
 Teleport Other           Tloc           9%         N/A       21%         3
 Manifold Assault         Tloc           9%         N/A       88%         5


Dungeon Overview and Level Annotations

Branches:
Dungeon (2/15)

Altars:
Ashenzari

Shops:
D:2 ?!?

Annotations:
D:2 Terence


Innate Abilities, Weirdness & Mutations

Your plain brown scales are hard. (AC +5)
You cannot fit into any form of body armour.
You are cold-blooded and may be slowed by cold attacks.


Message History

You are too injured to fight recklessly!
You are too injured to fight recklessly!
You are too injured to fight recklessly!
You escape the ball python's grasp.
You hit Terence but do no damage.
You tail-slap Terence, but do no damage.
Terence is lightly wounded.
Terence misses you.
You barely miss Terence.
Terence is lightly wounded.
Terence closely misses you.
You hit Terence but do no damage. You tail-slap Terence.
Terence is moderately wounded.
Terence completely misses you.
You hit Terence. You burn Terence.
Your tail-slap misses Terence.
Terence is heavily wounded.
Terence hits you with a +0 flail.
* * * LOW HITPOINT WARNING * * *
You hit Terence but do no damage.
Your tail-slap misses Terence.
Terence is heavily wounded.
Terence hits you but does no damage.
You barely miss Terence.
Terence is heavily wounded.
Terence hits you with a +0 flail.
* * * LOW HITPOINT WARNING * * *
You hit Terence but do no damage.
Terence is heavily wounded.
Terence barely misses you.
You hit Terence but do no damage.
Terence is heavily wounded.
Terence hits you with a +0 flail.
* * * LOW HITPOINT WARNING * * *
Throw: 5 boomerangs (disperse)
Press: ? - help, Q - select action, (/) - cycle Shift-Dir - straight line, f - Terence
Aim: Terence, wielding a +0 flail and wearing a +0 chain mail (heavily wounded, 64% to hit)
You throw a boomerang of dispersal.
The boomerang of dispersal hits Terence but does no damage.
Terence is heavily wounded.
Terence hits you with a +0 flail.
You die...

###### ### ###
#....#######.. ....
#.∩?.##.@@S#.#.....
#.......##.#.......
##......##.........
#>....†####.######
######.# ... ## #.#
#.## .# #.# ###.#
.# #######.##....#
.# #.....#.?..# .


You could see Terence and a ball python.

Vanquished Creatures
  An adder (D:2)
  A worm (D:2)
  3 ball pythons
  2 bats (D:1)
  6 endoplasms
  A giant cockroach (D:1)
  4 goblins (D:1)
  6 hobgoblins
  3 kobolds (D:1)
  6 rats
33 creatures vanquished.

Notes
Turn   | Place    | Note
-------+----------+-------------------------------------------
     0 | D:1      | pkoi the Draconian Warper began the quest for the Orb.
     0 | D:1      | Reached XP level 1. HP: 17/17 MP: 3/3
     6 | D:1      | Noticed a ragged hierophant
     6 | D:1      | Noticed a tyrant leech
     6 | D:1      | Noticed a komodo dragon
     7 | D:1      | Noticed a yaktaur captain
     7 | D:1      | Noticed a hell rat
   218 | D:1      | Reached XP level 2. HP: 11/24 MP: 5/5
   505 | D:1      | Reached skill level 3 in Unarmed Combat
   660 | D:1      | Found a faded altar of an unknown god.
   722 | D:1      | Became a worshipper of Ashenzari the Shackled
  1330 | D:2      | Reached XP level 3. HP: 25/29 MP: 6/6
  1540 | D:2      | Found Usysiwk's Distillery.
  1549 | D:2      | Bought a potion of degeneration for 11 gold pieces
  1652 | D:2      | Found Rustroi's Magic Scroll Shop.
  1919 | D:2      | Reached skill level 4 in Unarmed Combat
  2058 | D:2      | Found Bifemoro's Magic Scroll Boutique.
  2078 | D:2      | Noticed Terence
  2097 | D:2      | Slain by Terence

Illustrated notes

Levels and vault maps discovered:
D:1:      onia_arrival_zoo_common, layout_loops_ring,
          hellmonk_ecumenical_altar_heavens_door, serial_forest,
          infiniplex_forest_lined_1, infiniplex_forest_end_2,
          infiniplex_forest_clump_long, infiniplex_forest_clump_diagonal,
          infiniplex_forest_zigzag_1, infiniplex_forest_clump_large,
          infiniplex_forest_lined_corner
D:2:      layout_basic, serial_shops, shop, shop_fountains, shop_scrolls,
          uniq_terence

Skill      XL: |  1  2  3 |
---------------+----------+-----
Unarmed Combat | 3 4 |  4.0
Fighting       | |  2.1
Throwing       | |  0.8
Dodging        | |  2.1
Spellcasting   | |  2.0
Translocations | |  3.0

Action                   || total
-------------------------++-------
Melee: Unarmed           ||    17
       Dagger            ||   130
       Tailslap          ||    11
       Punch             ||     1
Throw: Boomerang         ||     1
Invok: Curse Item        ||     1
  Use: Scroll            ||     2
Armor: Skin              ||    40
Dodge: Dodged            ||    95
